APL (24 & UNDER)
DETROIT DIRTY SNOW @ KENOSHA KINGFISH
09/05/2029
 
TOP OF THE 1ST
Detroit Dirty Snow batting - Pitching for Kenosha Kingfish : LHP Ángel Rodríguez
Pitching: LHP Ángel Rodríguez
Batting: SHB Martin Goodwin 0-0: Ball
1-0: Ball
2-0: Foul Ball, location: 2F
2-1: Ground out 6-3 (Groundball, 6D)
Batting: LHB Francisco Medina 0-0: Ground out 4-3 (Groundball, 4)
Batting: RHB Guo-liang Lian 0-0: Called Strike
0-1: SINGLE (Groundball, 6MD)
Batting: LHB Luis Salazar 0-0: Called Strike
0-1: Ball
1-1: Called Strike
1-2: DOUBLE (Groundball, 5L)
Guo-liang Lian to third
Runner from 3rd tries for Home, SAFE, no throw
Batting: RHB Paul Liddle 0-0: Ball
1-0: Ball
2-0: 2-RUN HOME RUN (Flyball, 9LD), Distance : 336 ft
Batting: SHB Víctor Torres 0-0: Called Strike
0-1: Ball
1-1: Ball
2-1: Ball
3-1: Base on Balls
Batting: RHB Carlos Rocha 0-0: Ball
1-0: Called Strike
1-1: Called Strike
1-2: Fielders Choice at 2nd, U4 (Groundball, 4M)
Top of the 1st over - 3 runs, 3 hits, 0 errors, 1 left on base; Detroit 3 - Kenosha 0
BOTTOM OF THE 1ST
Kenosha Kingfish batting - Pitching for Detroit Dirty Snow : RHP Keith Heffner
Pitching: RHP Keith Heffner
Batting: LHB Justin McCoy 0-0: Foul Ball, location: 2F
0-1: Swinging Strike
0-2: Strikes out swinging
Batting: RHB Millard Ferguson 0-0: Ball
1-0: SINGLE (Line Drive, 4D)
Batting: LHB Juan Rodríguez 0-0: SINGLE (Groundball, 34D)
Millard Ferguson to second
Runner from 2nd tries for 3rd, SAFE, no throw
Batting: LHB Marvin MacGruder 0-0: Ball
1-0: Ball
2-0: Called Strike
2-1: Foul Ball, location: 2F
2-2: SINGLE (Flyball, 7LS)
Millard Ferguson scores
Juan Rodríguez to second
Batting: RHB Pepe González 0-0: Foul Ball, location: 2F
0-1: Fly out, F9 (Line Drive, 9)
Batting: SHB José Ayala 0-0: Called Strike
0-1: Foul Ball, location: 2F
0-2: Foul Ball, location: 2F
0-2: Ball
1-2: Strikes out swinging
Bottom of the 1st over - 1 run, 3 hits, 0 errors, 2 left on base; Detroit 3 - Kenosha 1
TOP OF THE 2ND
Detroit Dirty Snow batting - Pitching for Kenosha Kingfish : LHP Ángel Rodríguez
Batting: LHB Lee Jenkins 0-0: Ball
1-0: Ball
2-0: Called Strike
2-1: DOUBLE (Flyball, 8RXD)
Batting: RHB Albert Cortéz 0-0: SINGLE (Groundball, 6D)
Lee Jenkins to third
Batting: SHB Martin Goodwin 0-0: Ball
1-0: Grounds into double play, 5-4-3 (Groundball, 56)
Lee Jenkins scores
Batting: LHB Francisco Medina 0-0: SINGLE (Groundball, 34D)
Batting: RHB Guo-liang Lian 0-0: Ball
1-0: Ball
2-0: Fly out, F8 (Line Drive, 8RS)
Top of the 2nd over - 1 run, 3 hits, 0 errors, 1 left on base; Detroit 4 - Kenosha 1
BOTTOM OF THE 2ND
Kenosha Kingfish batting - Pitching for Detroit Dirty Snow : RHP Keith Heffner
Batting: RHB Vicente Rosales 0-0: Called Strike
0-1: Ball
1-1: Called Strike
1-2: Ball
2-2: Foul Ball, location: 2F
2-2: Ball
3-2: Base on Balls
Batting: RHB Argan Kamuliva 0-0: Grounds into double play, 4-6-3 (Groundball, 4)
Batting: RHB Corey Nichols 0-0: Ground out 4-3 (Groundball, 4)
Bottom of the 2nd over - 0 runs, 0 hits, 0 errors, 0 left on base; Detroit 4 - Kenosha 1
TOP OF THE 3RD
Detroit Dirty Snow batting - Pitching for Kenosha Kingfish : LHP Ángel Rodríguez
Batting: LHB Luis Salazar 0-0: Ground out U3 (Groundball, 3)
Batting: RHB Paul Liddle 0-0: Ball
1-0: Foul Ball, location: 2F
1-1: Ball
2-1: Ground out 1-3 (Groundball, 13)
Batting: SHB Víctor Torres 0-0: Called Strike
0-1: Ball
1-1: Foul Ball, location: 2F
1-2: Ball
2-2: Ground out 5-3 (Groundball, 5S)
Top of the 3rd over - 0 runs, 0 hits, 0 errors, 0 left on base; Detroit 4 - Kenosha 1
BOTTOM OF THE 3RD
Kenosha Kingfish batting - Pitching for Detroit Dirty Snow : RHP Keith Heffner
Batting: LHB Justin McCoy 0-0: Ball
1-0: Called Strike
1-1: Foul Ball, location: 2F
1-2: Strikes out looking
Batting: RHB Millard Ferguson 0-0: Called Strike
0-1: Ball
1-1: Ball
2-1: Fly out, F7 (Flyball, 7D)
Batting: LHB Juan Rodríguez 0-0: Called Strike
0-1: Swinging Strike
0-2: Strikes out swinging
Bottom of the 3rd over - 0 runs, 0 hits, 0 errors, 0 left on base; Detroit 4 - Kenosha 1
TOP OF THE 4TH
Detroit Dirty Snow batting - Pitching for Kenosha Kingfish : LHP Ángel Rodríguez
Batting: RHB Carlos Rocha 0-0: Called Strike
0-1: Ground out 5-3 (Groundball, 5)
Batting: LHB Lee Jenkins 0-0: Called Strike
0-1: Foul Ball, location: 2F
0-2: Ball
1-2: DOUBLE (Flyball, 78XD)
Batting: RHB Albert Cortéz 0-0: Reached on error, E8 (Flyball, 8RM)
Lee Jenkins to third
Batting: SHB Martin Goodwin 0-0: Swinging Strike
0-1: Called Strike
0-2: Strikes out swinging
Batting: LHB Francisco Medina 0-0: Ball
1-0: Called Strike
1-1: Swinging Strike
1-2: Ball
2-2: Fly out, F8 (Flyball, 8LS)
Top of the 4th over - 0 runs, 1 hit, 1 error, 2 left on base; Detroit 4 - Kenosha 1
BOTTOM OF THE 4TH
Kenosha Kingfish batting - Pitching for Detroit Dirty Snow : RHP Keith Heffner
Batting: LHB Marvin MacGruder 0-0: Called Strike
0-1: Called Strike
0-2: Strikes out looking
Batting: RHB Pepe González 0-0: Ball
1-0: Called Strike
1-1: Swinging Strike
1-2: Ball
2-2: Strikes out looking
Batting: SHB José Ayala 0-0: Ball
1-0: Ball
2-0: Ball
3-0: Base on Balls
Batting: RHB Vicente Rosales 0-0: Ball
1-0: Swinging Strike
1-1: Foul Ball, location: 2F
1-2: Ball
2-2: SINGLE (Line Drive, 34)
José Ayala to second
Pitching: LHP Sancho Espinoza
Batting: RHB Argan Kamuliva 0-0: Ball
1-0: Ball
2-0: Ball
3-0: Called Strike
3-1: Base on Balls
José Ayala to third
Vicente Rosales to second
Batting: RHB Corey Nichols 0-0: Called Strike
0-1: Ball
1-1: Ball
2-1: Foul Ball, location: 2F
2-2: Strikes out swinging
Bottom of the 4th over - 0 runs, 1 hit, 0 errors, 3 left on base; Detroit 4 - Kenosha 1
TOP OF THE 5TH
Detroit Dirty Snow batting - Pitching for Kenosha Kingfish : LHP Ángel Rodríguez
Batting: RHB Guo-liang Lian 0-0: Ball
1-0: SINGLE (Line Drive, 6M)
Batting: LHB Luis Salazar 0-0: Called Strike
0-1: Foul Ball, location: 2F
0-2: Strikes out swinging
Guo-liang Lian is caught stealing 2nd base
Batter strikes out.
Batting: RHB Paul Liddle 0-0: Called Strike
0-1: Foul Ball, location: 2F
0-2: Ball
1-2: Ball
2-2: Strikes out swinging
Top of the 5th over - 0 runs, 1 hit, 0 errors, 0 left on base; Detroit 4 - Kenosha 1
BOTTOM OF THE 5TH
Kenosha Kingfish batting - Pitching for Detroit Dirty Snow : LHP Sancho Espinoza
Batting: LHB Justin McCoy 0-0: Ball
1-0: Foul Ball, location: 2F
1-1: Foul Ball, location: 2F
1-2: SINGLE (Line Drive, 4MD)
Batting: RHB Millard Ferguson 0-0: Called Strike
0-1: Ball
1-1: Ball
2-1: Ball
3-1: Called Strike
3-2: Foul Ball, location: 2F
3-2: Base on Balls
Justin McCoy to second
Batting: LHB Juan Rodríguez 0-0: Called Strike
0-1: Ball
1-1: Called Strike
1-2: Ball
2-2: Ball
3-2: Base on Balls
Justin McCoy to third
Millard Ferguson to second
Batting: LHB Marvin MacGruder 0-0: Fielders Choice at 2nd, 4-6 (Groundball, 4)
Justin McCoy scores
Millard Ferguson to third
Batting: RHB Pepe González 0-0: Fly out, F8 (Flyball, 8RD)
Runner from 3rd tags up, SCORES, throw made
Batting: SHB José Ayala 0-0: Ball
1-0: Called Strike
1-1: Foul Ball, location: 2F
1-2: Foul Ball, location: 2F
1-2: SINGLE (Line Drive, 9S)
Marvin MacGruder to second
Batting: RHB Vicente Rosales 0-0: Ball
1-0: Ball
2-0: SINGLE (Line Drive, 8LS)
Marvin MacGruder to third
José Ayala to second
Runner from 3rd tries for Home, SAFE, no throw
Batting: RHB Argan Kamuliva 0-0: SINGLE (Line Drive, 9LS)
José Ayala to third
Vicente Rosales to second
Runner from 3rd tries for Home, SAFE, no throw
Batting: RHB Corey Nichols 0-0: DOUBLE (Flyball, 78D)
Vicente Rosales scores
Argan Kamuliva to third
Runner from 3rd tries for Home, SAFE, no throw
Batting: LHB Justin McCoy 0-0: Fly out, F9 (Flyball, 9LM)
Bottom of the 5th over - 6 runs, 5 hits, 0 errors, 1 left on base; Detroit 4 - Kenosha 7
TOP OF THE 6TH
Detroit Dirty Snow batting - Pitching for Kenosha Kingfish : LHP Ángel Rodríguez
Batting: SHB Víctor Torres 0-0: SINGLE (Groundball, 34D)
Batting: RHB Carlos Rocha 0-0: Ball
1-0: Ball
Wild Pitch!
Víctor Torres to second
2-0: Ball
3-0: Called Strike
3-1: Base on Balls
Pitching: RHP Rafael Marín
Batting: LHB Lee Jenkins 0-0: Called Strike
0-1: Ball
1-1: Foul Ball, location: 2F
1-2: Strikes out looking
Batting: RHB Albert Cortéz 0-0: Swinging Strike
Passed Ball!
Víctor Torres to third
Carlos Rocha to second
0-1: Foul Ball, location: 2F
0-2: Ball
1-2: Fly out, F2 (Popup, 23F)
Batting: SHB Martin Goodwin 0-0: Ball
1-0: DOUBLE (Flyball, 89D)
Víctor Torres scores
Carlos Rocha scores
Batting: LHB Francisco Medina 0-0: DOUBLE (Groundball, 3L)
Martin Goodwin scores
Batting: RHB Guo-liang Lian 0-0: Fly out, F7 (Flyball, 78M)
Top of the 6th over - 3 runs, 3 hits, 0 errors, 1 left on base; Detroit 7 - Kenosha 7
BOTTOM OF THE 6TH
Kenosha Kingfish batting - Pitching for Detroit Dirty Snow : LHP Sancho Espinoza
Batting: RHB Millard Ferguson 0-0: Called Strike
0-1: Called Strike
0-2: Ball
1-2: Fly out, F7 (Flyball, 7LD)
Batting: LHB Juan Rodríguez 0-0: Ball
1-0: Called Strike
1-1: Ball
2-1: Ball
3-1: Base on Balls
Batting: LHB Marvin MacGruder 0-0: Ball
1-0: Called Strike
1-1: Ball
2-1: Fielders Choice at 2nd, 3-6 (Groundball, 3)
Batting: RHB Pepe González 0-0: Ball
1-0: Called Strike
1-1: Called Strike
1-2: Strikes out swinging
Bottom of the 6th over - 0 runs, 0 hits, 0 errors, 1 left on base; Detroit 7 - Kenosha 7
TOP OF THE 7TH
Detroit Dirty Snow batting - Pitching for Kenosha Kingfish : RHP Rafael Marín
Pitching: LHP Ray McKnight
Pinch Hitting: RHB António Aguilera 0-0: Ball
1-0: Swinging Strike
1-1: Foul Ball, location: 2F
1-2: Ball
2-2: Strikes out looking
Pitching: RHP Pablo Suárez
Batting: RHB Paul Liddle 0-0: Swinging Strike
0-1: Ball
1-1: Called Strike
1-2: SINGLE (Groundball, 15S) (infield hit)
Batting: SHB Víctor Torres 0-0: Called Strike
0-1: Ball
1-1: Called Strike
1-2: Foul Ball, location: 2F
1-2: Strikes out swinging
Batting: RHB Carlos Rocha 0-0: Ball
1-0: Ball
2-0: Called Strike
2-1: Ball
3-1: Foul Ball, location: 2F
3-2: Foul Ball, location: 2F
3-2: Foul Ball, location: 2F
3-2: Ground out U3 (Groundball, 3L)
Top of the 7th over - 0 runs, 1 hit, 0 errors, 1 left on base; Detroit 7 - Kenosha 7
BOTTOM OF THE 7TH
Kenosha Kingfish batting - Pitching for Detroit Dirty Snow : LHP Sancho Espinoza
Now in LF: António Aguilera
Pinch Hitting: RHB Armando Arellano 0-0: Called Strike
0-1: Ball
1-1: Ball
2-1: Ground out 2-3 (Groundball, 2L)
Batting: RHB Vicente Rosales 0-0: Called Strike
0-1: Ball
1-1: Ball
2-1: DOUBLE (Line Drive, 7LM)
Batting: RHB Argan Kamuliva 0-0: Intentional Walk
Pinch Hitting: LHB Pat Williams 0-0: Foul Ball, location: 2F
0-1: Ball
1-1: Ball
2-1: DOUBLE (Line Drive, 9LM)
Vicente Rosales scores
Argan Kamuliva to third
Pinch Hitting: RHB Juan Escalante 0-0: Swinging Strike
0-1: Called Strike
0-2: Foul Ball, location: 2F
0-2: Foul Ball, location: 2F
0-2: Ball
1-2: Foul Ball, location: 2F
1-2: Ground out 6-3 (Groundball, 6)
Batting: RHB Millard Ferguson 0-0: Fly out, F1 (Line Drive, 13)
Bottom of the 7th over - 1 run, 2 hits, 0 errors, 2 left on base; Detroit 7 - Kenosha 8
TOP OF THE 8TH
Detroit Dirty Snow batting - Pitching for Kenosha Kingfish : RHP Pablo Suárez
Now at 1B: Armando Arellano
Now at 2B: Josh Peterson
Now in CF: Juan Escalante
Batting: LHB Lee Jenkins 0-0: Called Strike
0-1: Foul Ball, location: 2F
0-2: Ball
1-2: Ball
2-2: Foul Ball, location: 2F
2-2: Strikes out swinging
Batting: RHB Albert Cortéz 0-0: Swinging Strike
0-1: Foul Ball, location: 2F
0-2: Ball
1-2: Strikes out looking
Batting: SHB Martin Goodwin 0-0: Called Strike
0-1: Swinging Strike
0-2: DOUBLE (Line Drive, 89S)
Batting: LHB Francisco Medina 0-0: 2-RUN HOME RUN (Flyball, 9LD), Distance : 345 ft
Pitching: RHP Ed Weaver
Batting: RHB Guo-liang Lian 0-0: Ball
1-0: Hit by Pitch, AND HE CHARGES THE MOUND! The benches clear!
Pitching: LHP José Carlos
Pinch Runner at 1st Wosene Garane:
Batting: RHB António Aguilera 0-0: Called Strike
0-1: Called Strike
0-2: Strikes out swinging
Top of the 8th over - 2 runs, 2 hits, 0 errors, 1 left on base; Detroit 9 - Kenosha 8
BOTTOM OF THE 8TH
Kenosha Kingfish batting - Pitching for Detroit Dirty Snow : LHP Sancho Espinoza
Now in CF: Wosene Garane
Batting: LHB Juan Rodríguez 0-0: Foul Ball, location: 2F
0-1: Called Strike
0-2: Foul Ball, location: 2F
0-2: SINGLE (Line Drive, 89S)
Batting: LHB Marvin MacGruder 0-0: Ball
1-0: Ball
2-0: Called Strike
2-1: Ball
3-1: Foul Ball, location: 2F
3-2: Foul Ball, location: 2F
3-2: Foul Ball, location: 2F
3-2: Foul Ball, location: 2F
3-2: Foul Ball, location: 2F
3-2: Base on Balls
Juan Rodríguez to second
Pitching: LHP Jorge Luna
Batting: RHB Pepe González 0-0: Foul Ball, location: 2F
0-1: Swinging Strike
0-2: Foul Ball, location: 2F
0-2: Strikes out swinging
Batting: RHB Armando Arellano 0-0: Foul Ball, location: 2F
0-1: Foul Ball, location: 2F
0-2: Ball
1-2: Ball
2-2: Grounds into double play, 6-4-3 (Groundball, 6)
Bottom of the 8th over - 0 runs, 1 hit, 0 errors, 1 left on base; Detroit 9 - Kenosha 8
TOP OF THE 9TH
Detroit Dirty Snow batting - Pitching for Kenosha Kingfish : LHP José Carlos
Pitching: RHP Ángel Casillas
Batting: RHB Paul Liddle 0-0: Called Strike
0-1: Foul Ball, location: 2F
0-2: Ball
1-2: Ball
2-2: Ball
3-2: Foul Ball, location: 2F
3-2: Fly out, F8 (Flyball, 8RS)
Batting: SHB Víctor Torres 0-0: Called Strike
0-1: Foul Ball, location: 2F
0-2: Ball
1-2: Ball
2-2: Foul Ball, location: 2F
2-2: Fly out, F8 (Flyball, 8LM)
Batting: RHB Carlos Rocha 0-0: Swinging Strike
0-1: Ball
1-1: SINGLE (Flyball, 7S)
Batting: LHB Lee Jenkins 0-0: Ball
1-0: Swinging Strike
1-1: Called Strike
1-2: Ball
2-2: Strikes out swinging
Top of the 9th over - 0 runs, 1 hit, 0 errors, 1 left on base; Detroit 9 - Kenosha 8
BOTTOM OF THE 9TH
Kenosha Kingfish batting - Pitching for Detroit Dirty Snow : LHP Jorge Luna
Batting: RHB Vicente Rosales 0-0: Ball
1-0: Ball
2-0: Foul Ball, location: 2F
2-1: Swinging Strike
2-2: SINGLE (Groundball, 34D)
Batting: RHB Argan Kamuliva 0-0: Sac Bunt - play at second, runner OUT! 3-6
Pinch Hitting: LHB Jerry Benjamin 0-0: Ball
1-0: Swinging Strike
1-1: Fly out, F6 (Line Drive, 6)
Batting: RHB Juan Escalante 0-0: Ball
1-0: Foul Ball, location: 2F
1-1: Swinging Strike
1-2: Strikes out looking
Bottom of the 9th over - 0 runs, 1 hit, 0 errors, 1 left on base; Detroit 9 - Kenosha 8
Saturday, December 16th, 2017 - OOTP Baseball 18.8 Build 76